 Dungeon Crawl Stone Soup version 0.28-a0-1429-gf3d713df7a (webtiles) character file.

Game seed: 13981712999865192708

1796 leviel the Chopper (level 9, -8/80 HPs)
             Began as a Hill Orc Fighter on Jan 8, 2022.
             Killed from afar by an acid dragon (26 damage)
             ... with a splash of acid
             ... on level 5 of the Dungeon.
             The game lasted 00:08:57 (6277 turns).

leviel the Chopper (Hill Orc Fighter)               Turns: 6277, Time: 00:08:57

Health: -8/80      AC:  4    Str: 21    XL:     9   Next: 9%
Magic:  9/9        EV: 10    Int: 10    God:
Gold:   303        SH:  5    Dex: 10    Spells: 8/8 levels left

rFire   . . .      SeeInvis .   a - +0 war axe (vorpal)
rCold   + . .      Faith    .   c - +0 buckler
rNeg    . . .      Spirit   .   t - +1 ring mail of Fuasaf {rC+ Regen+ Stlth+}
rPois   .          Reflect  .   o - +0 helmet
rElec   .          Harm     .   (no cloak)
rCorr   .          Rampage  .   (no gloves)
Will    .....                   (no boots)
Stlth   +.........              (no amulet)
HPRegen 1.03/turn               (no ring)
MPRegen 0.11/turn               (no ring)

@: corroded
A: no striking features
a: no special abilities


You were on level 5 of the Dungeon.
You visited 1 branch of the dungeon, and saw 7 of its levels.

You collected 303 gold pieces.

Inventory:

Hand Weapons
 a - a +0 vorpal war axe (weapon)
Missiles
 v - 35 poisoned darts
Armour
 c - a +0 buckler (worn)
 o - a +0 helmet (worn)
 p - an orb of mayhem
 t - the +1 ring mail of Fuasaf (worn) {rC+ Regen+ Stlth+}
   (You took it off an orc on level 3 of the Dungeon)

   rC:        It protects you from cold.
   Regen:     It increases your rate of health regeneration.
   Stlth:     It makes you more stealthy.
Jewellery
 m - a +6 ring of intelligence
 q - an amulet of regeneration
Wands
 k - a wand of flame (4) (quivered)
Scrolls
 d - a scroll of magic mapping {unknown}
 g - a scroll of fog {unknown}
 r - a scroll of teleportation {unknown}
 s - 3 scrolls of identify {@r1}
 u - a scroll of vulnerability {unknown}
Potions
 b - a potion of attraction
 e - a potion of lignification
 f - 2 potions of flight
 h - a potion of mutation
 i - a potion of magic
 j - a potion of curing
 l - a potion of haste {unknown}
 n - 2 potions of cancellation


   Skills:
 + Level 7.7 Fighting
 + Level 7.9 Axes
 + Level 7.1 Armour
 + Level 7.1 Shields


You had 8 spell levels left.
You didn't know any spells.
Your spell library was empty.

Dungeon Overview and Level Annotations

Branches:
Dungeon (7/15)             Temple (0/1) D:4

Altars:
Cheibriados
Dithmenos
Fedhas
Kikubaaqudgha
Nemelex Xobeh
Okawaru
Sif Muna
Yredelemnul
Beogh

Annotations:
D:3 1 runed translucent door, Crazy Yiuf
D:4 3 runed translucent doors, croobank's ghost, amateur MiBe


Message History

You hit the acid dragon.
The acid dragon is heavily wounded.
The acid dragon spits acid at you. The splash of acid hits you!
The acid corrodes you! You block the acid dragon's attack.
The acid dragon claws you but does no damage.
You barely miss the acid dragon.
The acid dragon is heavily wounded.
The acid dragon bites you! The acid dragon barely misses you.
You hit the acid dragon but do no damage.
The acid dragon is heavily wounded.
The acid dragon barely misses you.
The acid dragon claws you but does no damage.
You hit the acid dragon but do no damage.
The acid dragon is heavily wounded.
The acid dragon bites you!
* * * LOW HITPOINT WARNING * * *
The acid dragon claws you.
* * * LOW HITPOINT WARNING * * *
You closely miss the acid dragon.
The acid dragon is heavily wounded.
The acid dragon bites you!
* * * LOW HITPOINT WARNING * * *
The acid dragon claws you.
* * * LOW HITPOINT WARNING * * *
You hit the acid dragon but do no damage.
The acid dragon is heavily wounded.
The acid dragon bites you.
* * * LOW HITPOINT WARNING * * *
You block the acid dragon's attack.
You feel better. The acid dragon bites you.
* * * LOW HITPOINT WARNING * * *
The acid dragon barely misses you.
You feel better. You block the acid dragon's attack.
The acid dragon barely misses you.
You barely miss the acid dragon.
The acid dragon is heavily wounded.
The acid dragon spits acid at you. The splash of acid hits you!!
You die...

#.#
##.....#.####
#.#
#..##.......
#.#
#..#########
#.# #..# #.#
#..# #.##
#... #.#.##
##.#
..###.#####.#
..##
#@.......# #.
#D######### #
##


You could see an acid dragon (catching breath).

Vanquished Creatures
  A water moccasin (D:6)
  A sky beast (D:6)
  A necrophage (D:3)
  2 black bears
  A hornet zombie (D:5)
  An ogre (D:5)
  A centaur (D:6)
  The ghost of somkeydreadnuts the Digger, an amateur GrEE (D:3)
  4 scorpions
  A water moccasin zombie (D:5)
  A water moccasin skeleton (D:4)
  A howler monkey (D:5)
  A bullfrog zombie (D:6)
  4 hounds
  A gnoll shaman (D:6)
  2 orc priests (D:4)
  A bullfrog skeleton (D:4)
  An iguana (D:5)
  Ijyb (D:3)
  Natasha (D:2)
  A howler monkey zombie (D:6)
  7 adders
  8 gnolls (D:6)
  An ufetubus (D:6)
  An adder skeleton (D:4)
  3 dart slugs
  22 orcs
  10 ball pythons
  4 bats
  6 endoplasms
  4 giant cockroaches
  7 goblins
  7 hobgoblins
  3 jackals (D:4)
  2 quokkas (D:1)
  2 frilled lizards (D:1)
  6 kobolds
  7 rats
129 creatures vanquished.

Notes
Turn   | Place    | Note
-------+----------+-------------------------------------------
     0 | D:1      | leviel the Hill Orc Fighter began the quest for the Orb.
     0 | D:1      | Reached XP level 1. HP: 19/19 MP: 1/1
   170 | D:1      | Reached XP level 2. HP: 16/27 MP: 2/2
   668 | D:1      | Reached XP level 3. HP: 28/33 MP: 3/3
  1222 | D:2      | Found a snail-covered altar of Cheibriados.
  1456 | D:2      | Found a faded altar of an unknown god.
  1552 | D:2      | Noticed Natasha
  1556 | D:2      | Killed Natasha
  1557 | D:2      | Reached XP level 4. HP: 35/40 MP: 4/4
  1618 | D:3      | Found a blossoming altar of Fedhas.
  1710 | D:3      | Noticed Ijyb
  1725 | D:3      | Killed Ijyb
  1923 | D:3      | Found a runed translucent gate.
  1924 | D:3      | Found a runed translucent gate.
  1924 | D:3      | Found a runed translucent gate.
  1930 | D:3      | Identified the +1 ring mail of Fuasaf {rC+ Regen+ Stlth+}
  1931 | D:3      | Noticed somkeydreadnuts's ghost (amateur GrEE)
  2075 | D:3      | Found a runed translucent door.
  2076 | D:3      | Noticed Crazy Yiuf
  2321 | D:3      | Found a basalt altar of Yredelemnul.
  2393 | D:3      | Reached XP level 5. HP: 47/47 MP: 5/5
  2426 | D:3      | Noticed a necrophage
  2438 | D:3      | Killed a necrophage
  2594 | D:3      | Found a roughly hewn altar of Beogh.
  2641 | D:3      | Killed somkeydreadnuts's ghost
  2642 | D:3      | Reached skill level 5 in Fighting
  2642 | D:3      | Reached XP level 6. HP: 33/56 MP: 6/6
  3083 | D:4      | Reached skill level 5 in Axes
  3083 | D:4      | Reached skill level 5 in Shields
  3146 | D:4      | Reached skill level 5 in Armour
  3181 | D:4      | Reached XP level 7. HP: 37/61 MP: 7/7
  3505 | D:4      | Found a sparkling altar of Nemelex Xobeh.
  3521 | D:4      | Found a runed translucent gate.
  3526 | D:4      | Found a runed translucent gate.
  3527 | D:4      | Found a runed translucent gate.
  3540 | D:4      | Noticed croobank's ghost (amateur MiBe)
  3543 | D:4      | You fall into a shaft and drop 2 floors!
  3543 | D:6      | Found a shadowy altar of Dithmenos.
  3923 | D:6      | Reached XP level 8. HP: 68/70 MP: 8/8
  4127 | D:6      | Found an iron altar of Okawaru.
  4720 | D:5      | Entered Level 5 of the Dungeon
  5020 | D:4      | Found a staircase to the Ecumenical Temple.
  5050 | D:4      | Found a shimmering blue altar of Sif Muna.
  5050 | D:4      | Found an ancient bone altar of Kikubaaqudgha.
  5945 | D:5      | Reached XP level 9. HP: 79/79 MP: 9/9
  6273 | D:5      | HP: 4/80 [acid dragon (13)]
  6277 | D:5      | Killed from afar by an acid dragon

Illustrated notes

Levels and vault maps discovered:
D:1:      minmay_arrival_up_and_down, layout_basic, grunt_decor_cap,
          minmay_liquid_box, st_stairs_4, palyth_stone_intersect, minmay_cupped
D:2:      layout_rooms, basic_altar, shapermc_ecumenical_altar_mp_highgroup,
          interstate_on_off, uniq_natasha
D:3:      layout_loops_ring, amcnicky_altar_gilded,
          mainiacjoe_overflow_concentric_impassable, biasface_ghost_orc_armoury,
          minmay_misc_feat_enclosed, uniq_crazy_yiuf_cottage, uniq_ijyb
D:4:      layout_loops_ring, mainiacjoe_overflow_divided_tiny,
          nemelex_diamond_rough_becter, minmay_temple_entry_poolview,
          gammafunk_ghost_icy
D:5:      layout_loops_ring, uniq_blork_the_orc
D:6:      layout_rooms, nicolae_dithmenos_through_a_glass_darkly,
          kennysheep_okawaru_gauntlet, hex_medium, lemuel_flamethrower_2
D:7:      minmay_bubble_buster, layout_rooms, nicolae_tso_carved_into_rock,
          lightli_temple_of_fire

Skill      XL: |  1  2  3  4  5  6  7  8  9 |
---------------+----------------------------+-----
Axes           | 3 4 5 6 7 |  7.9
Fighting       | 4 5 6 7 |  7.7
Shields        | 4 5 6 7 |  7.1
Armour         | 4 5 6 7 |  7.1

Action                   |  1- 3 |  4- 6 |  7- 9 || total
-------------------------+-------+-------+-------++-------
Melee: War axe           |    86 |   142 |   250 ||   478
Evoke: Wand              |       |       |     7 ||     7
  Use: Potion            |       |     2 |     3 ||     5
       Scroll            |       |       |     7 ||     7
 Stab: Sleeping          |       |       |     1 ||     1
Armor: Scale mail        |    33 |    11 |       ||    44
       Ring mail         |       |    46 |   120 ||   166
Dodge: Dodged            |    55 |    64 |   134 ||   253
Block: Buckler           |    19 |    35 |    68 ||   122

Table legend: (Time is in decaauts)
 A = Elapsed time spent in this place.
 B = Non-inter-level travel time spent in this place.
 C = Inter-level travel time spent in this place.
 D = Time resting spent in this place.
 E = Time spent auto-exploring this place.
 F = Levels seen in this place.
 G = Mean time per level.
                   A        B        C        D        E       F      G
               +--------+--------+--------+--------+--------+-----+--------+
         Total |   6412 |   6028 |    384 |    324 |   4587 |   7 |  916.0 |
       Dungeon |   6412 |   6028 |    384 |    324 |   4587 |   7 |  916.0 |
               +--------+--------+--------+--------+--------+-----+--------+

Top non-repeatable levels by time:
     D:3: 1553 daAuts
     D:4: 1421 daAuts
     D:6: 1197 daAuts
     D:1: 1018 daAuts
     D:2: 618 daAuts
     D:5: 600 daAuts
     D:7: 1 daAuts
